 Dungeon Crawl Stone Soup version 0.29.1-1-gd02db6906a (webtiles) character file.

Game seed: 4623363594112715968

47 porpoise the Trooper (level 3, -2/30 HPs)
             Began as a Formicid Abyssal Knight on Oct 16, 2022.
             Was a Priest of Lugonu.
             Slain by a gnoll
             ... wielding a +0 club
              (6 damage)
             ... on level 2 of the Dungeon.
             The game lasted 00:03:05 (1306 turns).

porpoise the Trooper (Formicid Abyssal Knight)      Turns: 1306, Time: 00:03:06

Health: -2/30      AC:  3    Str: 19    XL:     3   Next: 97%
Magic:  4/4        EV: 11    Int:  9    God:    Lugonu [***...]
Gold:   64         SH:  0    Dex: 14    Spells: 2/2 levels left

rFire   . . .      SeeInvis +   a - +1 mace
rCold   . . .      Faith    .   (no shield)
rNeg    . . .      Spirit   .   b - +0 leather armour
rPois   .          Reflect  .   (helmet unavailable)
rElec   .          Harm     .   (no cloak)
rCorr   .          Rampage  .   (no gloves)
Will    .....                   (no boots)
Stlth   +.........              (no amulet)
HPRegen 0.10/turn               (no ring)
MPRegen 0.09/turn               (no ring)

@: no status effects
A: permanent stasis, dig shafts and tunnels, antennae 3, four strong arms
a: Dig, Shaft Self, Renounce Religion, Depart the Abyss, Bend Space, Banish


You were on level 2 of the Dungeon.
You worshipped Lugonu.
Lugonu was most pleased with you.
You visited 1 branch of the dungeon, and saw 2 of its levels.
You visited the Abyss 1 time.

You collected 64 gold pieces.

Inventory:

Hand Weapons
 a - a +1 mace (weapon)
Missiles
 g - 10 poisoned darts (quivered)
Armour
 b - a +0 leather armour (worn)
Scrolls
 c - a scroll of magic mapping {unknown}
 e - a scroll of butterflies {unknown}
 i - a scroll of fear {unknown}
 j - a scroll of identify {unknown}
 l - a scroll of enchant weapon {unknown}
Potions
 d - 2 potions of degeneration {unknown}
 f - a potion of mutation {unknown}
 h - a potion of brilliance {unknown}
 k - a potion of cancellation {unknown}


   Skills:
 + Level 3.9 Fighting
 * Level 3.4 Maces & Flails
 - Level 2.1 Armour
 - Level 0.8 Dodging
 - Level 2.1 Invocations


You had 2 spell levels left.
You didn't know any spells.
Your spell library was empty.

Dungeon Overview and Level Annotations

Branches:
Dungeon (2/15)

Altars:


Innate Abilities, Weirdness & Mutations

You cannot be hasted, slowed, berserked, paralysed or teleported.
You can dig through walls and to a lower floor.
You have a pair of large antennae on your head. (SInv)
Your four strong arms can wield two-handed weapons with a shield.


Message History

You start resting.
You feel sick. x4
You are no longer poisoned.
You start resting.
HP restored.
You see here an adder skeleton.
A gnoll comes into view. It is wielding a +0 club.
The gnoll shouts!
A gnoll comes into view. It is wielding a +0 halberd.
The gnoll shouts!
You hear a shout!
The gnoll hits you from afar with a +0 halberd!
A worm comes into view.
The gnoll barely misses you.
You hit the gnoll.
The gnoll is moderately wounded.
The gnoll barely misses you.
A gnoll comes into view. It is wielding a +0 whip.
You barely miss the gnoll.
The gnoll is moderately wounded.
The gnoll closely misses you.
You hit the gnoll.
The gnoll is heavily wounded.
The gnoll closely misses you. x2
You barely miss the gnoll.
The gnoll is heavily wounded.
The gnoll hits you from afar with a +0 halberd!
The gnoll closely misses you.
You hit the gnoll but do no damage.
The gnoll is heavily wounded.
The gnoll hits you from afar with a +0 halberd.
* * * LOW HITPOINT WARNING * * *
The gnoll closely misses you.
You barely miss the gnoll.
The gnoll is heavily wounded.
The gnoll closely misses you. The gnoll hits you with a +0 club.
* * * LOW HITPOINT WARNING * * *
The gnoll attacks as you move away! The gnoll closely misses you.
The gnoll attacks as you move away! The gnoll barely misses you.
A frilled lizard comes into view.
The gnoll attacks as you move away! The gnoll hits you with a +0 club.
You die...

#.†......##....#......
.#<†.#..# #...........
.....#..###...........
.........##.....##### ..# ....
....#............# ####..###
.... ...............#.###...
.... ....
.......#.#l....#...#.# ... ...
....#................#### .. ..
...#........##..@g......# #.#g
#..#.....#.....#####.##w# #..##
..##....###...#####..##.####{.#
..##....#........##.###{{{{...#
........#.....##....#
#######...#
..##....#...<.#####.# .#.# .##
#####.....# ..# .#.# ## ######.
..## .. # # . ### ##


You could see a worm, a gnoll and a frilled lizard (wandering).

Vanquished Creatures
  An adder (D:2)
  A gnoll (D:1)
  A dart slug (D:1)
  3 ball pythons (D:1)
  3 bats (D:1)
  4 endoplasms (D:1)
  A giant cockroach (D:2)
  2 hobgoblins (D:1)
  A frilled lizard (D:1)
  A goblin (D:1)
  2 kobolds (D:1)
  7 rats
27 creatures vanquished.

Notes
Turn   | Place    | Note
-------+----------+-------------------------------------------
     0 | Abyss:1  | porpoise the Formicid Abyssal Knight began the quest for
                  | the Orb.
     0 | Abyss:1  | Reached XP level 1. HP: 18/18 MP: 2/2
     1 | D:1      | Escaped the Abyss
    95 | D:1      | Reached XP level 2. HP: 15/24 MP: 3/3
   272 | D:1      | Reached XP level 3. HP: 19/30 MP: 4/4
   581 | D:1      | Found a faded altar of an unknown god.
  1047 | D:2      | Reached *** piety under Lugonu
  1306 | D:2      | Slain by a gnoll

Illustrated notes

Levels and vault maps discovered:
D:1:      roderic_crossed_star, layout_basic,
          shapermc_ecumenical_altar_mp_ritualfount, minmay_tromino_mix6
D:2:      layout_rooms

Skill      XL: |  1  2 |
---------------+-------+-----
Maces & Flails | 3 |  3.4
Fighting       | |  3.9
Armour         | |  2.1
Dodging        | |  0.8
Invocations    | |  2.1

Action                   || total
-------------------------++-------
Melee: Mace              ||    77
       Punch             ||     2
 Stab: Distracted        ||     1
       Sleeping          ||     1
Armor: Leather armour    ||    30
Dodge: Dodged            ||    52
